 Dungeon Crawl Stone Soup version 0.23.0-3-gf3c87f2 (webtiles) character file.

Game seed: 16272245740601128976

170 vishdafish the Vexing (level 5, -12/41 HPs)
             Began as a Gnoll Arcane Marksman on Feb 20, 2019.
             Was an Initiate of Wu Jian.
             Mangled by an ogre
             ... wielding a +0 giant club
              (24 damage)
             ... on level 4 of the Dungeon.
             The game lasted 00:05:56 (2935 turns).

vishdafish the Vexing (Gnoll Arcane Marksman)       Turns: 2935, Time: 00:05:57

Health: -12/41     AC:  6    Str: 12    XL:     5   Next: 51%
Magic:  9/9        EV: 11    Int: 16    God:    Wu Jian [......]
Gold:   138        SH:  0    Dex: 16    Spells: 9/10 levels left

rFire    . . .     SeeInvis .   u - +0 trident
rCold    . . .     Gourm    .   (no shield)
rNeg     . . .     Faith    .   v - +0 scale mail
rPois    .         Spirit   .   (no helmet)
rElec    .         Reflect  .   (no cloak)
rCorr    .         Harm     .   (no gloves)
MR       .....                  (no boots)
Stlth    +.........             (no amulet)
HPRegen  0.13/turn              (no ring)
MPRegen  0.11/turn              (no ring)

@: no status effects
A: distributed training, fangs 1, strong nose
a: Renounce Religion


You were on level 4 of the Dungeon.
You worshipped Wu Jian.
Wu Jian was noncommittal.
You were hungry.

You visited 1 branch of the dungeon, and saw 4 of its levels.

You collected 138 gold pieces.

Inventory:

Hand Weapons
 a - a +0 hand crossbow
 g - a +2 dagger of protection
 r - a +0 halberd
 u - a +0 trident (weapon)
Missiles
 d - 21 bolts
Armour
 e - a +0 robe
 p - a +0 shield
 v - a +0 scale mail (worn)
Scrolls
 b - 4 scrolls of identify {unknown}
 j - a scroll of random uselessness {unknown}
 k - a scroll of remove curse {unknown}
 m - 2 scrolls of magic mapping {unknown}
 o - 4 scrolls of enchant weapon {unknown}
 s - a scroll of teleportation {unknown}
Potions
 c - a potion of heal wounds
 h - a potion of curing {unknown}
 i - a potion of flight {unknown}
 l - a potion of degeneration {unknown}
 n - a potion of invisibility {unknown}
 q - a potion of ambrosia {unknown}
 t - 2 potions of lignification {unknown}
Comestibles
 f - 11 rations


   Skills:
 + Level 3.0 Fighting
 + Level 1.4 Short Blades
 + Level 1.4 Long Blades
 + Level 1.4 Axes
 + Level 1.4 Maces & Flails
 + Level 1.4 Polearms
 + Level 1.4 Staves
 + Level 1.4 Slings
 + Level 1.4 Bows
 + Level 4.8 Crossbows
 + Level 1.4 Throwing
 + Level 1.4 Armour
 + Level 4.8 Dodging
 + Level 1.4 Stealth
 + Level 1.4 Shields
 + Level 1.4 Unarmed Combat
 + Level 3.1 Spellcasting
 + Level 1.1 Conjurations
 + Level 5.5 Hexes
 + Level 1.1 Charms
 + Level 1.1 Summonings
 + Level 1.1 Necromancy
 + Level 1.1 Translocations
 + Level 1.1 Transmutations
 + Level 1.1 Fire Magic
 + Level 1.1 Ice Magic
 + Level 1.1 Air Magic
 + Level 1.1 Earth Magic
 + Level 1.1 Poison Magic
 + Level 1.6 Invocations
 + Level 1.4 Evocations


You had 9 spell levels left.
You knew the following spells:

 Your Spells              Type           Power        Failure   Level  Hunger
a - Corona                Hex            ###....      10%         1    None

Your spell library contained the following spells:

 Spells                   Type           Power        Failure   Level  Hunger
 Slow                     Hex            ###.....     16%         2    ##.....
 Inner Flame              Hex/Fire       ##......     58%         3    ###....
 Portal Projectile        Hex/Tloc       ##....       58%         3    ###....
 Cause Fear               Hex            ###.......   69%         4    ####...
 Leda's Liquefaction      Hex/Erth       ##........   94%         4    ####...


Dungeon Overview and Level Annotations

Branches:
Dungeon (4/15)
 Temple: D:4-7

Altars:
Dithmenos
Elyvilon
Okawaru
Wu Jian
Xom


Innate Abilities, Weirdness & Mutations

Your experience applies equally to all skills.
You have very sharp teeth.
Your uncanny sense of smell can sniff out nearby items.


Message History

Your scale mail prevents you from hitting the ogre.
The ogre is lightly wounded.
The ogre hits you with a +0 giant club!!
Ouch! That really hurt!
* * * LOW HITPOINT WARNING * * *
Okay, then.
Evoke which item? (* to show all) (? for menu, Esc to quit)
Okay, then.
It was a potion of heal wounds.
You feel much better. The ogre hits you with a +0 giant club!
You barely miss the ogre.
The ogre is lightly wounded.
The ogre hits you with a +0 giant club!
* * * LOW HITPOINT WARNING * * *
You hear the slow rusting of a drain nearby.
You lunge at the ogre.
You puncture the ogre!
The ogre is moderately wounded.
The ogre hits you with a +0 giant club!!
Ouch! That really hurt!
You die...

.................#
......#..#...##..#
......#..#...#...####
................!.#..
#
...#.#...#......#...
∆..
...#.#............#
#..# .#
###......#.#.#.....
#.#.#........#..#
#......@O..((....
≈≈≈.###.#.##......#
####.# #....#.....##
...#..##....#..#....
.# #.....#..##....##
...............#
................
......##.........
...... ...#.....


You could see an ogre.

Vanquished Creatures
  Terence (D:3)
  4 gnolls
  4 adders
  An ooze (D:2)
  3 dart slugs
  2 leopard geckos (D:1)
  2 ball pythons
  8 bats
  A giant cockroach (D:1)
  4 goblins
  7 hobgoblins
  4 jackals (D:2)
  2 quokkas
  3 frilled lizards
  A jackal skeleton (D:4)
  7 kobolds
  A leopard gecko skeleton (D:3)
  11 rats
66 creatures vanquished.

Notes
Turn   | Place    | Note
-------+----------+-------------------------------------------
     0 | D:1      | vishdafish the Gnoll Arcane Marksman began the quest for
                  | the Orb.
     0 | D:1      | Reached XP level 1. HP: 17/17 MP: 4/4
    99 | D:1      | Reached XP level 2. HP: 23/23 MP: 5/5
   941 | D:2      | Reached XP level 3. HP: 20/28 MP: 7/7
  1096 | D:2      | Reached skill level 1 in Invocations
  1451 | D:2      | Reached skill level 1 in Short Blades
  1451 | D:2      | Reached skill level 1 in Long Blades
  1451 | D:2      | Reached skill level 1 in Axes
  1451 | D:2      | Reached skill level 1 in Maces & Flails
  1451 | D:2      | Reached skill level 1 in Polearms
  1451 | D:2      | Reached skill level 1 in Staves
  1451 | D:2      | Reached skill level 1 in Slings
  1451 | D:2      | Reached skill level 1 in Bows
  1451 | D:2      | Reached skill level 1 in Throwing
  1451 | D:2      | Reached skill level 1 in Armour
  1451 | D:2      | Reached skill level 1 in Stealth
  1451 | D:2      | Reached skill level 1 in Shields
  1451 | D:2      | Reached skill level 1 in Unarmed Combat
  1451 | D:2      | Reached skill level 1 in Evocations
  1451 | D:2      | Reached XP level 4. HP: 34/34 MP: 8/8
  1883 | D:2      | Reached skill level 1 in Conjurations
  1883 | D:2      | Reached skill level 1 in Charms
  1883 | D:2      | Reached skill level 1 in Summonings
  1883 | D:2      | Reached skill level 1 in Necromancy
  1883 | D:2      | Reached skill level 1 in Translocations
  1883 | D:2      | Reached skill level 1 in Transmutations
  1883 | D:2      | Reached skill level 1 in Fire Magic
  1883 | D:2      | Reached skill level 1 in Ice Magic
  1883 | D:2      | Reached skill level 1 in Air Magic
  1883 | D:2      | Reached skill level 1 in Earth Magic
  1883 | D:2      | Reached skill level 1 in Poison Magic
  2067 | D:3      | Reached XP level 5. HP: 16/40 MP: 9/9
  2309 | D:3      | Found an ornate altar of the Wu Jian Council.
  2426 | D:3      | Found a shimmering altar of Xom.
  2442 | D:3      | Became a worshipper of the Wu Jian Council
  2481 | D:3      | Found a shadowy altar of Dithmenos.
  2483 | D:3      | Found an iron altar of Okawaru.
  2622 | D:3      | Found a white marble altar of Elyvilon.
  2848 | D:3      | Noticed Terence
  2856 | D:3      | Killed Terence
  2922 | D:4      | Noticed an ogre
  2935 | D:4      | Mangled by an ogre

Skill      XL: |  1  2  3  4  5 |
---------------+----------------+-----
Invocations    | 1 |  1.6
Short Blades   | 1 |  1.4
Long Blades    | 1 |  1.4
Axes           | 1 |  1.4
Maces & Flails | 1 |  1.4
Polearms       | 1 |  1.4
Staves         | 1 |  1.4
Slings         | 1 |  1.4
Bows           | 1 |  1.4
Throwing       | 1 |  1.4
Armour         | 1 |  1.4
Stealth        | 1 |  1.4
Shields        | 1 |  1.4
Unarmed Combat | 1 |  1.4
Evocations     | 1 |  1.4
Spellcasting   | 3 |  3.1
Conjurations   | 1 |  1.1
Charms         | 1 |  1.1
Summonings     | 1 |  1.1
Necromancy     | 1 |  1.1
Translocations | 1 |  1.1
Transmutations | 1 |  1.1
Fire Magic     | 1 |  1.1
Ice Magic      | 1 |  1.1
Air Magic      | 1 |  1.1
Earth Magic    | 1 |  1.1
Poison Magic   | 1 |  1.1
Fighting       | 3 |  3.0
Crossbows      | |  4.8
Dodging        | |  4.8
Hexes          | |  5.5

Action                   |  1- 3 |  4- 6 || total
-------------------------+-------+-------++-------
Melee: Hand crossbow     |     1 |       ||     1
       Dagger            |   104 |   105 ||   209
       Bite              |    10 |    16 ||    26
       Halberd           |       |    12 ||    12
       Trident           |       |     9 ||     9
 Fire: Hand crossbow     |    34 |    10 ||    44
Invok: Lunge             |       |    10 ||    10
  Use: Potion            |       |     1 ||     1
 Stab: Sleeping          |     2 |     3 ||     5
  Eat: Chunk             |     1 |     5 ||     6
Armor: Robe              |    38 |    27 ||    65
Dodge: Dodged            |   117 |    91 ||   208
